Map: Prion Terraces

Players

MajeStic - Winner!

  • Race: Protoss Protoss
  • League: Grandmaster

Dayshi

  • Race: Terran Terran
  • League: Grandmaster

Event: DreamHack ZOWIE Open Leipzig

VOD

Have the link to the VOD?

Description

Time

  • Played on: Jan. 22, 2016, 8:56 a.m.
  • Length: 8:55

All games in this series

Show
View Real Time Build Order
Export as new Build Order

MajeStic Protoss - Winner!

Build Orders: 1 Gate Expand, Phoenix Opening 

Get SALT Encoding   

  12  0:01  Probe (Chrono Boost)  
  13  0:11  Probe (Chrono Boost)  
  14  0:19  Pylon  
  14  0:22  Probe (Chrono Boost)  
  15  0:37  Probe (Chrono Boost)  
  15  0:38  Gateway  
  15  0:42  Assimilator  
  16  0:47  Probe (Chrono Boost)  
  17  0:58  Probe (Chrono Boost)  
  18  1:09  Probe (Chrono Boost)  
  19  1:19  Probe (Chrono Boost)  
  19  1:21  Nexus  
  20  1:31  Cybernetics Core  
  20  1:34  Probe (Chrono Boost)  
  20  1:39  Assimilator  
  21  1:45  Probe (Chrono Boost)  
  22  1:49  Pylon  
  22  1:55  Probe (Chrono Boost)  
  23  2:07  Probe (Chrono Boost)  
  24  2:08  Adept (Chrono Boost)  
  24  2:09  Warp Gate  
  26  2:19  Probe  
  27  2:22  Stargate  
  27  2:31  Probe  
  27  2:32  Probe  
  27  2:33  Adept (Chrono Boost)  
  31  2:42  Probe  
  31  2:43  Probe  
  33  2:52  Mothership Core  
  33  2:55  Probe  
  33  2:56  Pylon  
  36  3:06  Phoenix (Chrono Boost)  
  36  3:07  Probe  
  36  3:11  Probe  
  39  3:14  Pylon  
  39  3:19  Probe  
  41  3:22  Probe  
  42  3:28  Phoenix (Chrono Boost)  
  42  3:31  Probe  
  42  3:32  Probe  
  45  3:40  Pylon  
  46  3:41  Gateway  
  46  3:43  Probe  
  46  3:47  Probe  
  47  3:51  Robotics Facility  
  46  3:55  Probe  
  46  3:56  Assimilator  
  46  3:57  Assimilator  
  46  4:03  Probe  
  46  4:08  Probe, Robotics Facility  
  47  4:13  Probe  
  45  4:21  Probe  
  40  4:24  Probe  
  41  4:33  Probe, Phoenix (Chrono Boost)  
  41  4:34  Probe  
  44  4:39  Observer (Chrono Boost)  
  44  4:43  Twilight Council  
  44  4:45  Probe x2  
  47  4:55  Probe  
  47  4:58  Probe  
  49  5:01  Phoenix (Chrono Boost)  
  49  5:06  Probe  
  50  5:09  Adept x2  
  50  5:10  Probe  
  56  5:17  Probe  
  56  5:22  Probe  
  56  5:31  Warp Prism  
  56  5:32  Probe  
  56  5:33  Resonating Glaives (Chrono Boost)  
  57  5:38  Probe  
  58  5:45  Gateway  
  58  5:46  Gateway  
  58  5:50  Probe x2  
  58  5:53  Phoenix  
  62  6:03  Gateway  
  62  6:05  Gateway  
  62  6:12  Pylon  
  62  6:22  Gateway  
  62  6:23  Pylon  
  62  6:25  Pylon  
  62  6:27  Gateway  
  60  6:48  Adept  
  60  6:52  Gateway  
  62  6:54  Phoenix  
  62  6:58  Probe  
  65  7:15  Adept x4  
  69  7:16  Adept  
  74  7:23  Adept  
  74  7:26  Adept  
  74  7:27  Adept  
  80  7:34  Pylon  
  80  7:35  Adept, Pylon  
  80  7:36  Adept x2  
  86  7:37  Adept  
  88  7:44  Adept x3  
  88  7:50  Adept  
  94  7:57  Adept x2  
  94  7:58  Adept  
  90  8:05  Phoenix  
  70  8:21  Adept x2  
  70  8:22  Adept x4  
  70  8:44  Adept  
  70  8:45  Adept x5  
  80  8:50  Adept  
  80  8:51  Adept  
Show
View Real Time Build Order
Export as new Build Order

Dayshi Terran 

Build Orders: 1/1/1, Liberator Opening, MMM Bio 

Get SALT Encoding   

  12  0:00  SCV  
  13  0:13  SCV  
  14  0:17  Supply Depot  
  14  0:25  SCV  
  15  0:30  Refinery  
  15  0:40  Barracks  
  15  0:44  SCV  
  16  0:56  SCV  
  17  1:08  SCV  
  18  1:21  SCV  
  19  1:27  Marine  
  20  1:32  Factory  
  20  1:33  Orbital Command  
  20  1:41  Supply Depot  
  20  1:45  Marine  
  21  1:59  SCV  
  22  2:03  Marine  
  23  2:08  Supply Depot  
  23  2:11  SCV  
  24  2:16  Starport  
  24  2:20  Widow Mine  
  24  2:21  Marine  
  27  2:23  SCV  
  27  2:24  Refinery  
  28  2:34  Supply Depot  
  28  2:35  SCV  
  29  2:39  Marine  
  30  2:47  SCV  
  30  2:50  Hellion  
  33  2:53  Medivac  
  34  2:59  Marine  
  36  3:08  Command Center  
  35  3:13  Liberator  
  35  3:15  Hellion  
  37  3:24  Barracks Reactor  
  37  3:30  SCV  
  41  3:36  Barracks  
  42  3:48  SCV  
  42  3:53  Factory Tech Lab  
  42  4:00  SCV  
  42  4:08  Marine x2  
  44  4:12  SCV  
  45  4:19  Cyclone  
  43  4:25  Barracks Tech Lab, Marine  
  43  4:26  Marine  
  43  4:27  Orbital Command  
  44  4:31  SCV  
  44  4:37  Viking  
  47  4:43  Marine  
  47  4:44  Stimpack  
  47  4:45  SCV  
  49  4:50  Marine x2  
  49  4:52  Widow Mine  
  53  4:53  SCV  
  53  4:57  SCV  
  55  5:01  Marine  
  55  5:06  SCV  
  55  5:07  Supply Depot  
  57  5:08  Marine x2  
  57  5:18  Command Center  
  57  5:20  SCV  
  57  5:21  SCV  
  59  5:28  Medivac  
  61  5:29  Marine x2  
  61  5:32  SCV, Factory Reactor  
  61  5:36  SCV  
  61  5:40  Engineering Bay  
  61  5:41  Supply Depot  
  62  5:44  SCV  
  62  5:46  Refinery  
  62  5:48  SCV  
  62  5:49  Bunker, Marine  
  65  5:51  Marine  
  65  5:55  Marauder  
  65  5:56  SCV  
  69  6:00  Refinery  
  69  6:09  SCV x2, Barracks  
  67  6:12  Marine x2  
  67  6:13  Medivac  
  67  6:15  Terran Infantry Weapons Level 1  
  71  6:19  Factory Reactor, Marine  
  71  6:21  Medivac  
  71  6:22  SCV x2  
  76  6:30  Missile Turret  
  76  6:33  Missile Turret  
  76  6:34  Marine x2  
  76  6:38  SCV x2  
  79  6:40  SCV  
  79  6:46  Marauder, Liberator  
  79  6:50  Supply Depot, SCV x2  
  79  6:52  Combat Shields  
  82  6:55  Orbital Command  
  82  7:00  Marine x2  
  83  7:02  SCV  
  83  7:07  Widow Mine x2  
  91  7:11  Marauder  
  93  7:18  Marine x2  
  93  7:19  SCV  
  95  7:25  Supply Depot x2  
  95  7:27  Supply Depot  
  95  7:31  Concussive Shells  
  95  7:32  Marauder  
  95  7:33  Marauder  
  99  7:37  Barracks  
  99  7:42  Marine  
  99  7:43  Marine  
  97  7:45  SCV x2  
  87  7:53  Marauder  
  87  7:54  Marauder  
  87  7:57  SCV x2  
  77  8:00  Marine  
  77  8:01  Marine  
  77  8:04  Widow Mine x2  
  72  8:09  SCV x2  
  66  8:17  Marine  
  66  8:18  Marauder  
  66  8:19  Marine  
  63  8:21  Marine  
  57  8:35  Marine  
  57  8:36  Marine  

Tags
 
Add a new tag
Caveats
  • Supply blocks, unpowered buildings, or Contaminate may cause inaccurate times.
  • Supply counts are checked every 10 seconds.